[Event "3rd HoliCup Lake City 2019"]
[Site "Udaipur"]
[Date "2019.03.31"]
[Round "7.18"]
[White "Babel, T Divyanshu"]
[Black "Anadkat, Kartavya"]
[Result "0-1"]
[ECO "A15"]
[WhiteElo "1676"]
[BlackElo "1998"]
[Annotator "NA RC"]
[PlyCount "90"]
[EventDate "2019.??.??"]
[EventCountry "IND"]
[SourceTitle "playchess.com"]
[Source "ChessBase"]
[SourceQuality "1"]
[TimeControl "5400+30"]

1. c4 Nf6 2. g3 g6 3. Bg2 Bg7 4. Nc3 O-O 5. e3 c6 6. Nge2 d5 7. cxd5 cxd5 8. Qb3 {[%emt 0:01:12] A16: English Opening: 1...Nf6 with ...d5} (8. d4 Nc6 9. O-O e6 10. b3 b6 11. Ba3 Re8 12. Rc1 Qd7 13. Nf4 Ba6 14. Re1 Rac8 15. Nd3 Bf8 16. Bb2 Qd8 17. a3 Re7 {½-½ (17) Rakhmanov,A (2653)-Mamedov,N (2588) Izmir 2016}) 8... e6 9. O-O Nc6 10. d4 b6 11. Qc2 Ba6 12. Qa4 $146 ({Predecessor:} 12. b3 Qd6 13. Qd2 {½-½ (13) Quinn,M (2381)-Al Sayed,M (2370) Istanbul 2000}) 12... Bb7 13. b4 Qd7 14. Qb3 Rfc8 15. Bb2 Ne8 16. Rfd1 Nd6 17. e4 Nxe4 18. Nxe4 dxe4 19. d5 exd5 20. Bxg7 Kxg7 {[%emt 0:00:28] [#]} 21. Bxe4 $1 Ne7 22. Nf4 Rd8 23. Rd4 Nf5 24. Bxf5 Qxf5 25. Rad1 Rd7 26. Qa4 Rd6 27. b5 Qd7 28. Qb3 Rd8 29. Ng2 Re8 30. Qb4 Re5 31. Ne3 Rde6 32. a4 Qe7 33. Qc3 Kg8 34. Rc1 Re4 35. Rxe4 (35. Kf1 $142) 35... Rxe4 36. Qc7 d4 37. Qxe7 Rxe7 38. Nf1 d3 39. Rd1 Rd7 ({Black should play} 39... Re4 $19 40. Rxd3 Rxa4) 40. Rd2 $2 (40. Nd2) 40... Bf3 41. Ra2 $2 (41. h3) 41... Rc7 42. Rd2 Rc1 43. Rxd3 Be2 {[%emt 0:00:02] Double Attack} 44. Rd8+ $19 Kg7 45. Rd7 Bxf1 0-1

[Event "3rd HoliCup Lake City 2019"]
[Site "Udaipur"]
[Date "2019.03.31"]
[Round "7.19"]
[White "Himanshu, Ranjan"]
[Black "Garv, Gaur"]
[Result "1/2-1/2"]
[ECO "D56"]
[WhiteElo "1984"]
[BlackElo "1711"]
[Annotator "NA RC"]
[PlyCount "66"]
[EventDate "2019.??.??"]
[EventCountry "IND"]
[SourceTitle "playchess.com"]
[Source "ChessBase"]
[SourceQuality "1"]
[TimeControl "5400+30"]

1. d4 d5 2. c4 e6 3. Nc3 Nf6 4. Bg5 Be7 5. e3 O-O 6. Nf3 h6 7. Bh4 Nbd7 8. Rc1 c6 9. Bd3 dxc4 10. Bxc4 b5 11. Bd3 Bb7 12. O-O a6 13. Qe2 c5 14. Bb1 {[%emt 0:05:49] D63: Queen's Gambit Declined: Classical: 7 Rc1} (14. a3 cxd4 15. Nxd4 Nd5 16. Bxe7 Nxe7 17. Rfd1 Qb6 18. b4 Rfd8 19. Nb3 Rac8 20. Qb2 Ne5 21. Nc5 Nxd3 22. Nxd3 {½-½ (55) Nikolaidis,I (2493)-Mastrovasilis,A (2539) Leros 2010}) 14... c4 15. e4 Re8 16. e5 Nd5 17. Bxe7 Qxe7 18. Ne4 Nf8 $146 ({Predecessor:} 18... f5 19. Nd6 Nf4 20. Qe3 Nd5 21. Qd2 {1-0 (48) Hascher,N (1970)-Djellouli,H (1984) France 2005}) 19. Nd6 Red8 20. g3 f5 21. Ne1 Bc6 22. Ng2 Be8 (22... Ng6 $11) 23. f4 (23. b3 $14) 23... Rab8 24. Ne3 Nxe3 25. Qxe3 Bc6 26. Bc2 Nd7 27. Bd1 Nb6 28. Bf3 ({Better is} 28. b3 $11) 28... Nd5 (28... Bxf3 $15 29. Qxf3 Nc8) 29. Qd2 Qa7 30. h3 Qe7 (30... Ne7 $5 ) 31. Kh2 Rf8 32. Rg1 Ba8 33. Qf2 Nb4 $11 1/2-1/2

[Event "3rd HoliCup Lake City 2019"]
[Site "Udaipur"]
[Date "2019.03.31"]
[Round "7.20"]
[White "Chourasiya, Hemant"]
[Black "Arun, Rathi"]
[Result "0-1"]
[ECO "B00"]
[WhiteElo "1558"]
[BlackElo "1939"]
[Annotator "NA RC"]
[PlyCount "158"]
[EventDate "2019.??.??"]
[EventCountry "IND"]
[SourceTitle "playchess.com"]
[Source "ChessBase"]
[SourceQuality "1"]
[TimeControl "5400+30"]

1. e4 d6 2. d4 g6 3. Be3 Bg7 4. Bd3 Nd7 (4... Nf6 5. f3 e5 6. c3 Nbd7 7. Ne2 O-O 8. O-O d5 9. Kh1 dxe4 10. fxe4 exd4 11. cxd4 c5 12. Nbc3 cxd4 13. Nxd4 {0-1 (28) Wegener,D (2370)-Graf,A (2585) Gera 2018}) 5. Ne2 e6 6. Qd2 {[%emt 0:00:29] B06: Modern Defence} h6 $146 ({Predecessor:} 6... Ne7 7. O-O a6 8. c4 b6 9. Nbc3 Bb7 10. Rac1 Rc8 11. f4 f5 12. Ng3 {1-0 (45) Billmann,A (1911)-Neukum,N (1691) Mittelfranken 2007}) 7. Na3 Ne7 8. c3 b6 9. f3 Bb7 10. Ng3 a6 11. f4 d5 12. e5 h5 13. Ne2 Nf5 14. Bf2 Bf8 15. Ng1 c5 16. Nf3 b5 17. Nc2 (17. Bxf5 $5 gxf5 18. Nc2 $14) 17... Qc7 18. Ng5 Nb6 19. dxc5 Bxc5 20. Nd4 Nc4 21. Bxc4 dxc4 22. O-O-O (22. Nxf5 $11 gxf5 23. Bxc5 Qxc5 24. O-O-O) 22... O-O-O 23. Qc2 Bxd4 24. Bxd4 Nxd4 25. Rxd4 Rxd4 26. cxd4 Rd8 27. Rd1 Rd7 28. Ne4 Bxe4 $1 29. Qxe4 Qb7 30. Qe2 Qd5 31. h3 Rc7 32. Kb1 (32. Qf3 $17 {is a better defense.}) 32... c3 33. Rc1 (33. bxc3 $17 {is a better defense.} Rxc3 34. Qd2) 33... Qxd4 34. bxc3 Rxc3 ({Weaker is} 34... Qxf4 35. Rf1 $17) 35. Rxc3+ Qxc3 36. Qe4 Kb8 37. g4 hxg4 ({Don't do} 37... Qxh3 38. gxh5 gxh5 39. Qc6 $19) 38. hxg4 b4 39. f5 gxf5 40. gxf5 b3 41. axb3 Qxb3+ 42. Kc1 Qc3+ 43. Kd1 a5 44. Qa4 {[%emt 0:03:11] [#]} Kc7 $1 ({Not} 44... exf5 45. Qe8+ Kc7 46. Qxf7+ {[%mdl 64] Double Attack} Kb6 47. Qxf5 $11) 45. Qb5 exf5 (45... Qb4 $142 46. Qe8 Qb3+ 47. Ke1 exf5 48. Qe7+ Kc6 49. Qd6+ Kb5 50. Qd7+ Kb4 51. Qd6+ Ka4) 46. Qd5 Qc6 (46... Qa1+ $19 {and Black stays clearly on top.} 47. Kc2 Qa4+ 48. Kb2 Kb6) 47. Qxa5+ Kd7 (47... Kc8 48. Ke2) 48. Ke2 (48. Qd2+ $17 Kc7) 48... Ke6 49. Kf2 Qc2+ 50. Kg3 $2 {[%emt 0:00:31] [#]} (50. Ke1) 50... Qd3+ $2 (50... f4+ $1 51. Kh3 (51. Kxf4 Qf5+) 51... Qe2) 51. Kf2 Qd4+ 52. Kf1 Qf4+ 53. Kg1 Qxe5 54. Qd8 $2 (54. Qa6+ Qd6 55. Qc8+ Ke5 56. Qh8+ Kd5 57. Kg2) 54... Qa1+ 55. Kg2 Qb2+ 56. Kg1 Qc1+ 57. Kf2 Qc5+ 58. Kf1 Qc4+ 59. Kf2 Qc5+ 60. Kf1 Qc4+ $2 (60... f4 $19 61. Qe8+ Qe7) 61. Kf2 f4 62. Kf3 Qf1+ $2 (62... Qc3+ $19 {has better winning chances.} 63. Kg2 Qg3+ 64. Kf1 Qh3+ 65. Kf2 Qe3+ 66. Kf1 Qh3+ 67. Kf2 Qg3+ 68. Kf1 Qf3+ 69. Ke1 Qe3+ 70. Kf1 Qf3+ 71. Ke1 Qb3) 63. Kg4 f5+ 64. Kg5 Qg2+ 65. Kxf4 Qf2+ 66. Kg5 {[%emt 0:01:02] [#]} Qg3+ $1 67. Kh5 $1 f4 68. Qc8+ $2 {[%emt 0:04:35] [#]} (68. Qa5 $11 {and White is okay.}) 68... Ke5 $2 (68... Kd5 $1 $19 69. Qc2 f3 70. Qd3+ Ke5 71. Qe3+ Kf5 72. Qd3+ Kf6 73. Qd8+ Ke6) 69. Qc5+ $2 (69. Qc4 $11) 69... Ke4 70. Qc6+ Ke3 71. Qc1+ {[%emt 0:01:20] [#]} Kf2 $1 72. Qd2+ Kg1 73. Qc1+ Kg2 74. Qc2+ Kh3 75. Qc8+ Kh2 76. Qc7 f3 77. Qc2+ f2 78. Qd2 Qg2 79. Qf4+ Kh1 0-1

[Event "3rd HoliCup Lake City 2019"]
[Site "Udaipur"]
[Date "2019.03.31"]
[Round "8.1"]
[White "Matta, Vinay Kumar"]
[Black "Manigandan, S S"]
[Result "1/2-1/2"]
[ECO "C18"]
[WhiteElo "2146"]
[BlackElo "2157"]
[Annotator "NA"]
[PlyCount "33"]
[EventDate "2019.??.??"]
[EventCountry "IND"]
[SourceTitle "playchess.com"]
[Source "ChessBase"]
[SourceQuality "1"]
[TimeControl "5400+30"]

1. e4 e6 2. d4 d5 3. Nc3 Bb4 4. e5 c5 5. a3 Bxc3+ 6. bxc3 Ne7 7. Qg4 cxd4 8. Bd3 Qa5 9. Ne2 Nd7 $14 (9... O-O $11) 10. O-O dxc3 11. Qxg7 Rg8 12. Qxh7 Nxe5 13. Bf4 d4 14. Nxd4 Qd5 15. Qe4 Nxd3 16. cxd3 Bd7 17. Rac1 1/2-1/2

[Event "3rd HoliCup Lake City 2019"]
[Site "Udaipur"]
[Date "2019.03.31"]
[Round "8.3"]
[White "Palit, Somak"]
[Black "Ayush, Jha"]
[Result "1-0"]
[ECO "A08"]
[WhiteElo "2330"]
[BlackElo "1861"]
[Annotator "NA"]
[PlyCount "46"]
[EventDate "2019.??.??"]
[EventCountry "IND"]
[SourceTitle "playchess.com"]
[Source "ChessBase"]
[SourceQuality "1"]
[TimeControl "5400+30"]

1. e4 c5 2. Nf3 e6 3. d3 Nc6 4. g3 Nf6 5. Bg2 d5 6. Nbd2 Be7 7. O-O O-O 8. Re1 b6 9. e5 Ne8 10. Nf1 Bb7 11. c3 {[%emt 0:03:30] C00: French: Unusual White 2nd moves} Nc7 12. h4 b5 $146 ({Predecessor:} 12... f6 13. exf6 Bxf6 14. d4 cxd4 15. cxd4 Nb5 {½-½ (27) Netzer,J (2402)-Kazakov,M (2517) Saint-Quentin 2014}) 13. N1h2 b4 14. Ng5 h6 15. Nh3 Re8 16. Qg4 Kh7 17. Qh5 Kg8 18. Ng4 bxc3 19. bxc3 Nb5 20. Nxh6+ gxh6 21. Bxh6 Bf8 22. Ng5 $18 Qc7 23. Nh7 Bc8 1-0

[Event "3rd HoliCup Lake City 2019"]
[Site "Udaipur"]
[Date "2019.03.31"]
[Round "8.4"]
[White "Lokesh, N.."]
[Black "Chudasama, Ankit"]
[Result "1-0"]
[ECO "B23"]
[WhiteElo "2157"]
[BlackElo "1853"]
[Annotator "NA"]
[PlyCount "41"]
[EventDate "2019.??.??"]
[EventCountry "IND"]
[SourceTitle "playchess.com"]
[Source "ChessBase"]
[SourceQuality "1"]
[TimeControl "5400+30"]

1. e4 c5 2. Nc3 d6 3. f4 g6 4. Bc4 Bg7 5. Nf3 Nc6 6. O-O e6 7. d3 Nge7 8. Qe1 O-O 9. f5 d5 10. Bb3 gxf5 $14 ({Black should try} 10... dxe4 $15 11. dxe4 exf5) 11. exd5 Nxd5 12. Bxd5 exd5 13. Qg3 Be6 14. Bh6 Qf6 15. Bg5 Qg6 16. Nh4 Qh5 17. Nxf5 Bxf5 18. Rxf5 h6 19. Nxd5 hxg5 20. Rxg5 Qh6 21. Rxg7+ {[%emt 0:00:18] Qh5} 1-0

[Event "3rd HoliCup Lake City 2019"]
[Site "Udaipur"]
[Date "2019.03.31"]
[Round "8.5"]
[White "Awadh, Chaitanya"]
[Black "Chandan, Mandal"]
[Result "1/2-1/2"]
[ECO "C12"]
[WhiteElo "1882"]
[BlackElo "1799"]
[Annotator "NA"]
[PlyCount "50"]
[EventDate "2019.??.??"]
[EventCountry "IND"]
[SourceTitle "playchess.com"]
[Source "ChessBase"]
[SourceQuality "1"]
[TimeControl "5400+30"]

1. e4 e6 2. d4 d5 3. Nc3 Nf6 4. Bg5 Bb4 5. e5 h6 6. Bd2 Bxc3 7. bxc3 Ne4 8. Bd3 Nxd2 9. Qxd2 c5 10. f4 Nc6 $11 11. Nf3 Qa5 12. a4 cxd4 13. cxd4 Bd7 14. c3 Rc8 15. O-O Qc7 16. Ra3 Na5 17. Qe2 Nc4 18. Raa1 Qa5 19. Rab1 Nb6 20. f5 Qxc3 21. Bb5 Bxb5 22. Qxb5+ Qc6 23. fxe6 fxe6 24. a5 Nc4 25. Qxb7 O-O 1/2-1/2

[Event "3rd HoliCup Lake City 2019"]
[Site "Udaipur"]
[Date "2019.03.31"]
[Round "8.6"]
[White "Dhiraj, Patil"]
[Black "Shubham"]
[Result "0-1"]
[ECO "E62"]
[WhiteElo "1425"]
[BlackElo "1880"]
[Annotator "NA"]
[PlyCount "100"]
[EventDate "2019.??.??"]
[EventCountry "IND"]
[SourceTitle "playchess.com"]
[Source "ChessBase"]
[SourceQuality "1"]
[TimeControl "5400+30"]

1. d4 d6 2. Nf3 g6 3. g3 Bg7 4. Bg2 Nf6 5. O-O O-O 6. c4 c6 7. Nc3 Qa5 8. e4 Qh5 9. Ng5 Qxd1 10. Rxd1 h6 11. Nf3 Bg4 12. h3 Bxf3 13. Bxf3 Nfd7 14. Be3 Na6 15. a3 Rab8 16. Rac1 c5 17. d5 Nc7 18. Be2 a6 19. a4 b6 20. f4 Rb7 21. Bg4 Rd8 22. Bxd7 Rxd7 23. Ra1 Rd8 24. Ra3 Rdb8 25. Ra2 b5 26. cxb5 axb5 27. axb5 Nxb5 28. Na4 Bd4 29. Kf2 Ra7 30. Rd2 Rba8 31. b3 Bxe3+ 32. Kxe3 Nd4 33. Rxd4 cxd4+ 34. Kxd4 Rb8 35. Kc3 Rc7+ 36. Kb2 Rb4 37. Nc3 Rd4 38. Kc2 Rxe4 39. Kd3 Rb4 40. Ra3 Rcb7 41. Kc2 g5 42. fxg5 hxg5 43. Ra4 Rxb3 44. Rg4 f6 45. h4 Ra3 46. hxg5 Rc7 47. gxf6+ Kf7 48. fxe7 Rcxc3+ 49. Kd2 Kxe7 50. Re4+ Kd7 0-1

[Event "3rd HoliCup Lake City 2019"]
[Site "Udaipur"]
[Date "2019.03.31"]
[Round "8.9"]
[White "Ranjith, R.K."]
[Black "Sauravh, Khherdekar"]
[Result "0-1"]
[ECO "C03"]
[WhiteElo "1790"]
[BlackElo "2272"]
[Annotator "NA"]
[PlyCount "56"]
[EventDate "2019.??.??"]
[EventCountry "IND"]
[SourceTitle "playchess.com"]
[Source "ChessBase"]
[SourceQuality "1"]
[TimeControl "5400+30"]

1. e4 e6 2. d4 d5 3. Nd2 a6 4. Bd3 c5 5. c3 cxd4 6. cxd4 dxe4 7. Nxe4 Bb4+ 8. Nc3 Nf6 9. Nf3 O-O 10. O-O Nc6 11. a3 Be7 12. Bc2 {[%emt 0:01:09] LiveBook: 42 Games} b5 13. Qd3 Bb7 14. Bg5 g6 {[%emt 0:00:07] D27: Queen's Gambit Accepted: Classical main line: 7 e4!? and 7 a4} 15. Rfd1 (15. Rad1 Rc8 16. Rfe1 Na5 17. Bh6 Re8 18. Ne5 Nc4 19. Qe2 Qb6 20. Bb3 Nd5 21. Bxc4 bxc4 22. Na4 {0-1 (34) Graf,A (2576)-Babula,V (2556) Germany 2017}) 15... Nd5 16. Ne4 $146 ({Predecessor:} 16. Bxe7 Ncxe7 17. Ne4 Nf5 18. Nc5 Qc7 19. g3 Rac8 {½-½ (50) Frischmann,R (1906)-Mueller,T (2064) Stuttgart 2010}) 16... Bxg5 17. Nfxg5 Qe7 18. Qh3 f5 19. Nc5 Qxg5 20. Nxb7 Qf6 21. Nc5 Nxd4 22. Rxd4 Qxd4 23. Nxe6 Qxb2 24. Re1 Qxc2 25. Qh6 Qc3 26. Rc1 Qe5 27. Ng5 Ra7 $19 28. h4 Qg7 0-1

[Event "3rd HoliCup Lake City 2019"]
[Site "Udaipur"]
[Date "2019.03.31"]
[Round "8.10"]
[White "Chandrajeet, Singh Rajawat"]
[Black "Joshi, Govind Ballabh"]
[Result "0-1"]
[ECO "D00"]
[WhiteElo "1760"]
[BlackElo "2128"]
[Annotator "NA"]
[PlyCount "46"]
[EventDate "2019.??.??"]
[EventCountry "IND"]
[SourceTitle "playchess.com"]
[Source "ChessBase"]
[SourceQuality "1"]
[TimeControl "5400+30"]

1. d4 d5 2. Bf4 Nf6 3. e3 e6 4. Nd2 c5 5. c3 Nc6 6. Ngf3 cxd4 7. exd4 Nh5 8. Be3 Bd6 9. Ne5 g6 $11 {[%emt 0:01:28] LiveBook: 112 Games} 10. Ndf3 f6 11. Nxc6 bxc6 12. Qd2 O-O 13. Be2 Qc7 14. O-O Nf4 15. Rfe1 Nxe2+ 16. Qxe2 g5 17. h3 Qg7 18. Nh2 Bd7 19. Qd2 Rf7 20. f4 h6 21. Re2 Qg6 22. Rf1 Raf8 23. Ref2 Kh7 0-1

[Event "3rd HoliCup Lake City 2019"]
[Site "Udaipur"]
[Date "2019.03.31"]
[Round "8.11"]
[White "Atri, Chattopadhyay"]
[Black "Dahale, Atul"]
[Result "1/2-1/2"]
[ECO "B22"]
[WhiteElo "1743"]
[BlackElo "2102"]
[Annotator "NA"]
[PlyCount "38"]
[EventDate "2019.??.??"]
[EventCountry "IND"]
[SourceTitle "playchess.com"]
[Source "ChessBase"]
[SourceQuality "1"]
[TimeControl "5400+30"]

1. e4 c5 2. c3 Qa5 3. Nf3 d6 4. Na3 Nf6 5. Nc4 Qc7 6. e5 dxe5 7. Ncxe5 Nbd7 8. d4 e6 9. Bf4 Bd6 10. Nxd7 Bxd7 11. Bxd6 Qxd6 12. dxc5 Qxc5 13. Qd4 Qxd4 14. Nxd4 a6 15. Be2 $11 O-O 16. Nf3 Nd5 17. Ne5 Rfd8 18. O-O-O Ba4 19. Rd4 Be8 1/2-1/2

[Event "3rd HoliCup Lake City 2019"]
[Site "Udaipur"]
[Date "2019.03.31"]
[Round "8.12"]
[White "Dutta, Joydeep"]
[Black "Suvankar, Maity"]
[Result "1-0"]
[ECO "B40"]
[WhiteElo "2097"]
[BlackElo "1911"]
[Annotator "NA"]
[PlyCount "37"]
[EventDate "2019.??.??"]
[EventCountry "IND"]
[SourceTitle "playchess.com"]
[Source "ChessBase"]
[SourceQuality "1"]
[TimeControl "5400+30"]

1. e4 c5 2. Nf3 e6 3. c3 d5 4. e5 a6 5. d4 Nc6 6. Bd3 Qb6 7. O-O Bd7 8. dxc5 Bxc5 9. Nbd2 Qc7 10. Nb3 Ba7 11. Qe2 Nge7 $14 12. Bf4 Ng6 13. Bg3 Rc8 14. Rfe1 Na5 15. Nxa5 Qxa5 16. Ng5 Bb5 17. Qf3 Bxd3 18. Qxf7+ Kd8 19. Nxe6# {[%emt 0:00:06] Ke8 Qf4} 1-0

[Event "3rd HoliCup Lake City 2019"]
[Site "Udaipur"]
[Date "2019.03.31"]
[Round "8.13"]
[White "Arun Kataria"]
[Black "Rathore, S.K."]
[Result "0-1"]
[ECO "B92"]
[WhiteElo "1581"]
[BlackElo "2092"]
[Annotator "NA"]
[PlyCount "86"]
[EventDate "2019.??.??"]
[EventCountry "IND"]
[SourceTitle "playchess.com"]
[Source "ChessBase"]
[SourceQuality "1"]
[TimeControl "5400+30"]

1. e4 c5 2. Nf3 d6 3. d4 cxd4 4. Nxd4 Nf6 5. Nc3 a6 6. Be2 e5 7. Nb3 Be7 8. O-O O-O 9. Be3 b5 10. a3 Bb7 11. f3 Nbd7 12. Qd2 Rc8 13. Rad1 Qc7 14. Bd3 Nc5 $11 15. Ne2 d5 16. Nxc5 Bxc5 17. Ng3 dxe4 18. Bxe4 Nxe4 19. Nxe4 Bxe4 20. fxe4 Rfd8 21. Qf2 Rxd1 22. Rxd1 Bxe3 23. Qxe3 Qxc2 24. Qd2 h6 25. Qd7 Rc7 26. Qd8+ Kh7 27. Rf1 Qc5+ 28. Kh1 Qc4 29. Kg1 Rc6 30. Qh4 Qd4+ 31. Kh1 Rf6 32. Rg1 Qxb2 33. Qg3 a5 34. Qd3 b4 35. axb4 axb4 36. h3 Qc3 37. Qb5 Qd4 38. Qb7 Rf4 39. Re1 Qc4 40. Kh2 Rf2 41. Rg1 b3 42. Qb8 Qc3 43. Qb6 Qc2 0-1

[Event "3rd HoliCup Lake City 2019"]
[Site "Udaipur"]
[Date "2019.03.31"]
[Round "8.14"]
[White "Anadkat, Kartavya"]
[Black "Heikrujam, Jacky Singh"]
[Result "1/2-1/2"]
[ECO "B12"]
[WhiteElo "1998"]
[BlackElo "1886"]
[Annotator "NA"]
[PlyCount "175"]
[EventDate "2019.??.??"]
[EventCountry "IND"]
[SourceTitle "playchess.com"]
[Source "ChessBase"]
[SourceQuality "1"]
[TimeControl "5400+30"]

1. e4 c6 2. d4 d5 3. e5 Bf5 4. h4 h6 5. g4 Bd7 6. h5 c5 7. c3 Qb6 8. Na3 cxd4 9. cxd4 Qb4+ 10. Bd2 Qxd4 11. Nf3 Qe4+ 12. Be2 a6 13. Qb3 Nc6 14. Rh4 Nxe5 15. Nxe5 Qxe5 16. Qxb7 Rb8 17. Qxa6 Nf6 18. Kf1 Ne4 19. Be3 Ng3+ 20. fxg3 Qxe3 21. Rh2 e5 22. Nb5 Bc5 23. Rg2 O-O 24. Nc3 Be6 25. Qd3 Qg5 26. Rd1 e4 27. Qa6 Be3 28. Qa5 Bb6 29. Qa4 f5 30. Qc6 Qf6 31. Nxd5 Bxd5 32. Qxf6 Rxf6 33. Rxd5 fxg4+ 34. Ke1 Rc8 35. Bxg4 Rc1+ 36. Bd1 e3 37. a4 Rf2 38. Rxf2 exf2+ 39. Kf1 Rb1 40. b3 Kf8 41. Rd6 Bc5 42. Rd5 Bb6 43. a5 Bxa5 44. Rxa5 Rxd1+ 45. Kxf2 Rd3 46. Rf5+ Ke7 47. Rf3 Rd5 48. g4 Rg5 49. Rf4 g6 50. hxg6 Rxg6 51. Kf3 Rg5 52. Rf5 Rg8 53. Rb5 Kf6 54. Rb6+ Kg5 55. Rb5+ Kg6 56. b4 Rd8 57. Re5 Rd3+ 58. Re3 Rd4 59. Re4 Rd1 60. Kf4 Rf1+ 61. Kg3 h5 62. gxh5+ Kxh5 63. Rf4 Rb1 64. Kf3 Kg5 65. Rc4 Kf5 66. Ke3 Ke5 67. Rh4 Rb3+ 68. Kd2 Kd5 69. Kc2 Rg3 70. Kb2 Kc6 71. Rh5 Kb6 72. Rc5 Rh3 73. Rc3 Rxc3 74. Kxc3 Kb5 75. Kb3 Kb6 76. Kc4 Kc6 77. b5+ Kb6 78. Kb4 Kb7 79. Ka5 Ka7 80. b6+ Kb7 81. Kb5 Kb8 82. Ka6 Ka8 83. Kb5 Kb7 84. Kc5 Kb8 85. Kc6 Kc8 86. b7+ Kb8 87. Kd5 Kc7 88. b8=B+ 1/2-1/2

[Event "3rd HoliCup Lake City 2019"]
[Site "Udaipur"]
[Date "2019.03.31"]
[Round "8.15"]
[White "Arun, Rathi"]
[Black "Hitesh, S. Jariya"]
[Result "1-0"]
[ECO "A05"]
[WhiteElo "1939"]
[BlackElo "1871"]
[Annotator "NA"]
[PlyCount "111"]
[EventDate "2019.??.??"]
[EventCountry "IND"]
[SourceTitle "playchess.com"]
[Source "ChessBase"]
[SourceQuality "1"]
[TimeControl "5400+30"]

1. Nf3 Nf6 2. g3 g6 3. b3 Bg7 4. Bb2 c5 5. Bg2 Nc6 6. O-O O-O 7. c4 d6 8. d4 cxd4 9. Nxd4 Qb6 10. Nc2 a5 11. Nc3 a4 12. Nb5 Be6 13. e4 Nd7 14. Bxg7 Kxg7 15. Kh1 f6 16. Ne3 axb3 17. axb3 Nc5 18. Qc2 Nb4 19. Qc3 Rxa1 20. Rxa1 Ncd3 21. Kg1 Bf7 22. Bf1 Rc8 23. Qd2 Nc5 24. Qxb4 Nxe4 25. Qa5 Qxa5 26. Rxa5 Nd2 27. Ra7 Nxb3 28. Rxb7 Kf8 29. Nxd6 Nc5 30. Rxe7 Kxe7 31. Nxc8+ Kd7 32. Nb6+ Kd6 33. Nbd5 Nd7 34. Bh3 f5 35. Kf1 Ne5 36. Ke2 Nxc4 37. Nxc4+ Kxd5 38. Nd2 Ke5 39. f4+ Kf6 40. Ke3 h6 41. Kd4 g5 42. Bf1 Bh5 43. Nc4 Bf3 44. Ne3 Bb7 45. Bd3 Bc8 46. Kd5 gxf4 47. gxf4 Bb7+ 48. Kd6 Bf3 49. Bxf5 h5 50. Be4 Bg4 51. Nd5+ Kf7 52. Ke5 Be2 53. f5 Bg4 54. f6 Bd1 55. Nf4 Bg4 56. Bd5+ 1-0

[Event "3rd HoliCup Lake City 2019"]
[Site "Udaipur"]
[Date "2019.03.31"]
[Round "8.16"]
[White "Sudhanshu, Ranjan"]
[Black "Sanchit, Anand"]
[Result "1/2-1/2"]
[ECO "D37"]
[WhiteElo "2056"]
[BlackElo "1817"]
[Annotator "NA"]
[PlyCount "126"]
[EventDate "2019.??.??"]
[EventCountry "IND"]
[SourceTitle "playchess.com"]
[Source "ChessBase"]
[SourceQuality "1"]
[TimeControl "5400+30"]

1. d4 Nf6 2. c4 e6 3. Nf3 d5 4. Nc3 Be7 5. Bg5 Nbd7 6. e3 Ne4 7. Bxe7 Qxe7 8. cxd5 Nxc3 9. bxc3 exd5 10. Bd3 O-O 11. O-O c6 12. Qc2 Nf6 13. c4 dxc4 $14 14. Bxc4 Be6 15. Rab1 b6 16. Rbc1 Bxc4 17. Qxc4 c5 18. dxc5 bxc5 19. Qxc5 Qe6 20. Qa5 Qb6 21. Qa4 Rfc8 22. Rb1 Qc7 23. h3 Rab8 24. Rb3 Rxb3 25. axb3 h6 26. Nd4 Rb8 27. Ra1 Rb7 28. Qa3 Ne4 29. Rc1 Qb8 30. Qa5 Nd6 31. Rc5 Rb6 32. Qc3 Kh7 33. Rc7 Rb7 34. Rc6 Rb6 35. Rc5 g6 36. Qc2 Nb5 37. Qc4 Nd6 38. Qd5 Qb7 39. Qe5 a6 40. f3 Nb5 41. Nxb5 Rxb5 42. Rc7 Rxe5 43. Rxb7 Kg7 44. Kf2 Ra5 45. e4 Ra2+ 46. Kg3 a5 47. e5 Kg8 48. f4 a4 49. bxa4 Rxa4 50. Kg4 Ra2 51. g3 Ra3 52. Re7 Kf8 53. Rc7 Kg8 54. Rc6 Re3 55. h4 Kg7 56. h5 gxh5+ 57. Kh3 Re2 58. Rf6 Rb2 59. Rc6 Ra2 60. e6 fxe6 61. Rxe6 Rb2 62. Re5 Kg6 63. Rc5 Rf2 1/2-1/2

[Event "3rd HoliCup Lake City 2019"]
[Site "Udaipur"]
[Date "2019.03.31"]
[Round "8.17"]
[White "Chandan, Palash N"]
[Black "Pandey, Srishti"]
[Result "1-0"]
[ECO "B01"]
[WhiteElo "1689"]
[BlackElo "2020"]
[Annotator "NA"]
[PlyCount "55"]
[EventDate "2019.??.??"]
[EventCountry "IND"]
[SourceTitle "playchess.com"]
[Source "ChessBase"]
[SourceQuality "1"]
[TimeControl "5400+30"]

1. e4 d5 2. exd5 Qxd5 3. Nc3 Qd6 4. d4 a6 5. Bd3 Nf6 6. Nge2 Bg4 7. f3 Bh5 8. Bf4 Qd7 9. Qd2 Nc6 10. O-O-O O-O-O 11. g4 Bg6 12. Bxg6 hxg6 13. d5 Nb4 14. Qd4 Nbxd5 {[%emt 0:00:19] [#]} 15. g5 $16 e5 16. Qa7 Nb6 17. Rxd7 Nfxd7 18. Be3 c5 19. Rd1 Kc7 20. Nd5+ Nxd5 21. Rxd5 Kc6 22. Nc3 Be7 23. Rxd7 Rxd7 24. Na4 Kc7 25. Nxc5 Bxc5 26. Qxc5+ Kb8 27. Qxe5+ Ka8 28. b3 1-0

[Event "3rd HoliCup Lake City 2019"]
[Site "Udaipur"]
[Date "2019.03.31"]
[Round "8.18"]
[White "Dhruv Dak"]
[Black "Himanshu, Ranjan"]
[Result "1-0"]
[ECO "A07"]
[WhiteElo "1684"]
[BlackElo "1984"]
[Annotator "NA"]
[PlyCount "63"]
[EventDate "2019.??.??"]
[EventCountry "IND"]
[SourceTitle "playchess.com"]
[Source "ChessBase"]
[SourceQuality "1"]
[TimeControl "5400+30"]

1. Nf3 d5 2. g3 Nf6 3. Bg2 c6 4. O-O Bg4 5. Ne5 Bh5 6. d4 e6 7. c4 Nbd7 8. f4 $11 Be7 9. cxd5 cxd5 10. Nc3 O-O 11. Qb3 Rb8 12. h3 Nxe5 13. dxe5 Nd7 14. g4 Bg6 15. f5 exf5 16. gxf5 Bh5 17. Bf4 d4 18. Nd5 Bxe2 19. f6 Bc5 20. Qg3 g6 21. b4 Nb6 22. Qg5 Kh8 23. Ne7 Bxb4 24. e6 Bc4 25. Nxg6+ fxg6 26. Be5 Rf7 27. exf7 Bxf7 28. Bxb8 Qxb8 29. Rad1 Qd8 30. Rf4 Bc3 31. Qh6 Qg8 32. Rfxd4 1-0

[Event "3rd HoliCup Lake City 2019"]
[Site "Udaipur"]
[Date "2019.03.31"]
[Round "8.19"]
[White "Shubham, Shukla"]
[Black "Bahadur, Singh"]
[Result "1-0"]
[ECO "B07"]
[WhiteElo "1948"]
[BlackElo "1630"]
[Annotator "NA"]
[PlyCount "103"]
[EventDate "2019.??.??"]
[EventCountry "IND"]
[SourceTitle "playchess.com"]
[Source "ChessBase"]
[SourceQuality "1"]
[TimeControl "5400+30"]

1. e4 d6 2. d4 Nf6 3. Nc3 c6 4. Bg5 e6 5. Nf3 Be7 6. Bd3 d5 7. Qe2 dxe4 8. Nxe4 Nxe4 9. Bxe7 $16 Qxe7 10. Bxe4 Nd7 11. O-O-O O-O 12. Rhe1 Qf6 13. g3 a5 14. h4 h6 15. Ne5 Qe7 16. f4 Nxe5 17. dxe5 a4 18. Rd6 a3 19. b4 f5 20. Bf3 g6 21. Red1 h5 22. R1d3 Qc7 23. Qe3 Kg7 24. Rxa3 Rxa3 25. Qxa3 Qb6 26. Be2 Rd8 27. Qc3 Kf7 28. Qc5 Qxc5 29. bxc5 Ke7 30. Kb2 Bd7 31. a4 Ra8 32. Kb3 Rb8 33. Kb4 Ra8 34. Bc4 Ra7 35. Rd1 Bc8 36. a5 Ra8 37. Rd3 Rb8 38. Ka4 Ra8 39. Rd6 Rb8 40. a6 bxa6 41. Ka5 Bd7 42. Kxa6 Rb4 43. Bb3 Rb5 44. Ba4 Rxc5 45. Kb6 Rd5 46. Kc7 Rxd6 47. exd6+ Ke8 48. c4 g5 49. hxg5 e5 50. Bd1 exf4 51. Bxh5+ Kf8 52. Kxd7 1-0